 Dungeon Crawl Stone Soup version 0.27-a0-1228-gfd60fd639a (webtiles) character file.

Game seed: 7280885405195766011

69 bjtr the Digger (level 4, 0/24 HPs)
             Began as a Gargoyle Earth Elementalist on June 8, 2021.
             Killed from afar by Ijyb (18 damage)
             ... with a bolt of acid
             ... on level 2 of the Dungeon.
             The game lasted 00:11:21 (2289 turns).

bjtr the Digger (Gargoyle Earth Elementalist)       Turns: 2289, Time: 00:11:22

Health: 0/24       AC:  8    Str: 11    XL:     4   Next: 20%
Magic:  0/7        EV: 11    Int: 17    God:
Gold:   35         SH:  0    Dex: 10    Spells: 5/8 levels left

rFire    . . .     SeeInvis .   a - +0 dagger
rCold    . . .     Faith    .   (no shield)
rNeg     + . .     Spirit   .   e - +0 leather armour
rPois    ∞         Reflect  .   i - +2 hat
rElec    +         Harm     .   (no cloak)
rCorr    .         Rampage  .   (no gloves)
Will     .....                  (no boots)
Stlth    ++........             (no amulet)
HPRegen  0.08/turn              (no ring)
MPRegen  0.10/turn              (no ring)

@: no status effects
A: sickness immunity, AC +3, negative energy resistance 1, electricity
resistance, torment resistance 1, petrification resistance
a: no special abilities


You were on level 2 of the Dungeon.
You visited 1 branch of the dungeon, and saw 2 of its levels.

You collected 35 gold pieces.

Inventory:

Hand Weapons
 a - a +0 dagger (weapon)
Missiles
 b - 88 stones (quivered)
Armour
 e - a +0 leather armour (worn)
 i - a +2 hat (worn)
Scrolls
 f - a scroll of fear {unknown}
 g - a scroll of holy word {unknown}
 h - a scroll of identify {unknown}


   Skills:
 * Level 0.1 Fighting
 * Level 0.2 Armour
 * Level 1.8 Dodging
 + Level 2.9 Stealth
 * Level 0.4 Shields
 * Level 2.6 Spellcasting
 + Level 0.7 Transmutations
 + Level 4.7 Earth Magic


You had 5 spell levels left.
You knew the following spells:

 Your Spells              Type           Power      Damage    Failure   Level
a - Sandblast             Erth           36%        2d10      3%          1
b - Searing Ray           Conj           4%         3d3       34%         2

Your spell library contained the following spells:

 Spells                   Type           Power      Damage    Failure   Level
 Passwall                 Tmut/Erth      9%         N/A       12%         2
 Beastly Appendage        Tmut           8%         N/A       19%         1
 Magic Dart               Conj           8%         1d3       24%         1
 Wereblood                Tmut           4%         N/A       26%         2
 Stone Arrow              Conj/Erth      20%        3d8       26%         3
 Spider Form              Tmut/Pois      1%         N/A       52%         3
 Dazzling Flash           Conj/Hex       4%         N/A       56%         3
 Petrify                  Tmut/Erth      11%        N/A       61%         4
 Lee's Rapid Deconstruct  Erth           9%         3d8*      67%         5
 Ice Form                 Ice/Tmut       3%         N/A       90%         4
 Fulminant Prism          Conj/Hex       1%         3d6       93%         4
 Iskenderun's Mystic Bla  Conj/Tloc      2%         2d3       93%         4
 Hydra Form               Tmut           2%         N/A       99%         5


Dungeon Overview and Level Annotations

Branches:
Dungeon (2/15)

Altars:
Fedhas

Annotations:
D:2 Ijyb


Innate Abilities, Weirdness & Mutations

You are immune to sickness and miasma.
Your stone body is resilient. (AC +3)
You are immune to poison.
You resist negative energy. (rN+)
You are resistant to electric shocks. (rElec)
You are resistant to unholy torment.
You are immune to petrification.


Message History

You throw a poisoned dart. The poisoned dart closely misses Ijyb.
Ijyb hits you but does no damage.
Throw: dart (poison)
Press: ? - help, Q - select action, (/) - cycle Shift-Dir - straight line, f/p - Ijyb
Aim: Ijyb, wielding a +0 dagger, wearing a +0 ring mail and carrying a wand of acid (9) (lightly wounded, very poisoned, 50% to hit)
You throw a poisoned dart. The poisoned dart hits Ijyb.
Ijyb is lightly wounded.
Ijyb hits you but does no damage.
Unknown command.
Casting: Searing Ray (quite dangerous; 34% risk of failure)
Confirm with . or Enter, or press ? or * to list all spells.
Aiming: Sandblast (safe; 3% risk of failure)
Press: ? - help, Shift-Dir - straight line, f/p - Ijyb
Aim: Ijyb, wielding a +0 dagger, wearing a +0 ring mail and carrying a wand of acid (9) (lightly wounded, very poisoned, 77% to hit)
The blast of sand hits Ijyb.
Ijyb is moderately wounded.
b - 90 stones Ijyb screams, "I dance on your bones!"
Ijyb hits you but does no damage.
Unknown command.
Casting: Sandblast (safe; 3% risk of failure)
Confirm with . or Enter, or press ? or * to list all spells.
Aiming: Sandblast (safe; 3% risk of failure)
Press: ? - help, Shift-Dir - straight line, f/p - Ijyb
Aim: Ijyb, wielding a +0 dagger, wearing a +0 ring mail and carrying a wand of acid (9) (moderately wounded, very poisoned, 77% to hit)
The blast of sand hits Ijyb!
Ijyb is severely wounded.
b - 89 stones Ijyb hits you but does no damage.
Casting: Sandblast (safe; 3% risk of failure)
Confirm with . or Enter, or press ? or * to list all spells.
Aiming: Sandblast (safe; 3% risk of failure)
Press: ? - help, Shift-Dir - straight line, f/p - Ijyb
Aim: Ijyb, wielding a +0 dagger, wearing a +0 ring mail and carrying a wand of acid (9) (severely wounded, very poisoned, 77% to hit)
The blast of sand hits Ijyb but does no damage.
Ijyb is severely wounded.
b - 88 stones Ijyb zaps a wand.
The bolt of acid hits you!!
Ouch! That really hurt!
You die...

#.# #.....# #.#
######...##
##.###.....(..#
#......#####.##
##.##### #)# ###
#)# ######.###
#........#
#.####@#.# #.
#g#.#
##.####)#.####...
.......(.......#
##.#..#.#.####...
.........)#
#.##......# #
#..((.##
#.....#..#


You could see Ijyb (poisoned).

Vanquished Creatures
  2 adders (D:2)
  2 worms (D:2)
  2 dart slugs
  3 endoplasms
  4 giant cockroaches
  7 goblins
  3 hobgoblins (D:2)
  6 jackals
  2 bats (D:1)
  3 kobolds
  2 rats (D:1)
36 creatures vanquished.

Notes
Turn   | Place    | Note
-------+----------+-------------------------------------------
     0 | D:1      | bjtr the Gargoyle Earth Elementalist began the quest for
                  | the Orb.
     0 | D:1      | Reached XP level 1. HP: 10/10 MP: 3/3
   241 | D:1      | Found a faded altar of an unknown god.
   472 | D:1      | Reached skill level 4 in Earth Magic
   475 | D:1      | Reached XP level 2. HP: 13/15 MP: 1/5
   583 | D:1      | Learned a level 2 spell: Searing Ray
  1270 | D:2      | Reached XP level 3. HP: 14/19 MP: 3/6
  1779 | D:2      | Found a blossoming altar of Fedhas.
  2174 | D:2      | Reached XP level 4. HP: 24/24 MP: 3/7
  2215 | D:2      | Noticed Ijyb
  2289 | D:2      | Killed from afar by Ijyb

Illustrated notes

Levels and vault maps discovered:
D:1:      dpeg_arrival_lava_temple_mockup, layout_loops_ring,
          shapermc_ecumenical_altar_venn
D:2:      kennysheep_the_goblin_king, layout_loops_corners, basic_altar,
          minmay_fountain_box, dk_noncrumbling_2, bh_walls_and_bars

Skill      XL: |  1 |
---------------+----+-----
Earth Magic    | 4 |  4.7
Fighting       | |  0.1
Armour         | |  0.2
Dodging        | |  1.8
Stealth        | |  2.9
Shields        | |  0.4
Spellcasting   | |  2.6
Transmutations | |  0.7

Action                   |  1- 3 |  4- 6 || total
-------------------------+-------+-------++-------
Melee: Dagger            |    87 |     1 ||    88
Throw: Dart              |       |    31 ||    31
 Cast: Sandblast         |    24 |     3 ||    27
       Searing Ray       |     2 |     1 ||     3
 Stab: Sleeping          |     4 |       ||     4
Armor: Robe              |    21 |       ||    21
       Leather armour    |    15 |     7 ||    22
Dodge: Dodged            |    53 |    10 ||    63

Table legend: (Time is in decaauts)
 A = Elapsed time spent in this place.
 B = Non-inter-level travel time spent in this place.
 C = Inter-level travel time spent in this place.
 D = Time resting spent in this place.
 E = Time spent auto-exploring this place.
 F = Levels seen in this place.
 G = Mean time per level.
                   A        B        C        D        E       F      G
               +--------+--------+--------+--------+--------+-----+--------+
         Total |   2288 |   2245 |     43 |    550 |   1307 |   2 | 1144.0 |
       Dungeon |   2288 |   2245 |     43 |    550 |   1307 |   2 | 1144.0 |
               +--------+--------+--------+--------+--------+-----+--------+

Top non-repeatable levels by time:
     D:1: 1218 daAuts
     D:2: 1069 daAuts
